AoeStats
← ojrguio

Nomad

510660530Analyzed
3v3 RM · 13h ago on Oct 2, 2026· 53m 3s· 6 players
Game mode
Random Map
Map size
210×210
Population
200
Speed
Normal
Resources
Standard
Victory
Conquest
Starting age
Dark Age
Ending age
Imperial Age
RankedLock teamsTeams togetherTeam positionsShared explorationLock speedFull tech treeHidden civsTurbo modeCheats
Victory
Defeat
🇦🇺 Koreans · Australia
1195
+13
🇺🇸 Varangians · United States
1068
+18
🇦🇺 Huns · Australia
1028
+19
🇨🇴 Varangians · Colombia
1113
-17
🇨🇴 Britons · Colombia
1112
-17
🇨🇴 Lithuanians · Colombia
1106
-16
cfosorioq
4:28 Loom
14:35 Feudal Age
19:04 Castle Age
18:02 Double-Bit Axe
19:09 Scale Barding Armor
26:05 Bloodlines
26:25 Gold Mining
26:53 Forging
27:36 Chain Barding Armor
32:38 Wheelbarrow
33:41 Hand Cart
54:07 Imperial Age
ojrguio
8:59 Loom
13:18 Feudal Age
15:13 Forging
15:30 Double-Bit Axe
21:28 Castle Age
20:37 Fishing Lines
25:32 Medium Warships
30:25 Horse Collar
31:29 Husbandry
31:40 Bloodlines
33:07 Bloodlines
34:54 Scale Barding Armor
34:50 Scale Mail Armor
42:53 Heavy Plow
45:32 Imperial Age
43:07 Fletching
44:47 Chain Barding Armor
45:02 Iron Casting
46:26 Chain Mail Armor
46:41 Conscription
46:18 Cavalier
48:32 Wheelbarrow
49:59 Hoardings
53:01 Plate Barding Armor
caaruizma
13:27 Feudal Age
17:21 Castle Age
16:29 Stone Mining
20:47 Padded Archer Armor
23:36 Fletching
26:46 Ballistics
28:06 Bodkin Arrow
30:07 Pikeman
34:27 Imperial Age
33:16 Squires
33:57 Gambesons
35:50 Conscription
37:04 Chemistry
36:57 Yeomen
37:39 Elite Longbowman
40:53 Wheelbarrow
40:04 Town Watch
42:06 Bracer
42:22 Leather Archer Armor
44:30 Warwolf
48:00 Hand Cart
48:42 Town Patrol
48:28 Loom
oh...it's...ken..
11:01 Loom
13:58 Feudal Age
14:23 Double-Bit Axe
24:53 Castle Age
25:47 Medium Warships
25:54 Forging
29:05 Fletching
30:15 Bloodlines
30:05 Husbandry
30:33 Squires
30:18 Arson
31:18 Iron Casting
30:32 Gambesons
31:39 Scale Mail Armor
31:58 Bow Saw
38:47 Chain Mail Armor
38:32 Fishing Lines
45:00 Imperial Age
42:57 Husbandry
43:11 Scale Barding Armor
45:05 Elite Varangian Guard
46:18 Plate Mail Armor
46:13 Conscription
47:15 Gothikon
51:03 Blast Furnace
Ghostdog3053
3:59 Loom
15:52 Feudal Age
23:32 Castle Age
26:05 Wheelbarrow
28:26 Double-Bit Axe
31:25 Husbandry
31:35 Scale Barding Armor
31:42 Forging
32:22 Fletching
32:58 Town Watch
34:43 Murder Holes
34:58 Masonry
47:58 Imperial Age
46:34 Stone Mining
48:11 Ballistics
51:46 Capped Ram
TC
4:19 Loom
12:41 Feudal Age
13:50 Double-Bit Axe
15:33 Fletching
16:55 Horse Collar
21:17 Castle Age
20:45 Stone Mining
21:36 Crossbowman
22:17 Bodkin Arrow
24:51 Wheelbarrow
25:37 Scale Mail Armor
25:36 Gold Mining
27:46 Eupseong
29:41 Chain Mail Armor
29:28 Squires
30:08 Town Watch
32:24 Ballistics
32:49 Murder Holes
36:37 Imperial Age
34:26 Heavy Plow
37:20 Forging
37:10 Arbalester
37:53 Bracer
39:23 Plate Mail Armor
39:07 Thumb Ring
39:43 Hand Cart
40:23 Bow Saw
40:26 Elite Fire Lancer
42:54 Chemistry
43:55 Two-Man Saw
43:34 Iron Casting
43:07 Arson
47:21 Siege Engineers
46:59 Treadmill Crane
46:46 Heavy Rocket Cart
47:49 Shinkichon
47:42 Elite Skirmisher
50:04 Gold Shaft Mining
Connection lost

Rejoining the realm…

Still unreachable

The connection could not be restored.

Session expired

The server has moved on; the page needs a fresh start.